 Dungeon Crawl Stone Soup version 0.27.0-1-g7a089689b8 (webtiles) character file.

Game seed: 12973857820847896053

4658 finalDestination the Thaumaturge (level 10, -5/75 HPs)
             Began as a Djinni Conjurer on Aug 17, 2021.
             Was an Initiate of Ru.
             Shot with an arrow by a centaur warrior (14 damage)
             ... on level 8 of the Dungeon.
             The game lasted 00:26:26 (10121 turns).

finalDestination the Thaumaturge (Djinni Conjurer) Turns: 10121, Time: 00:26:26

Health: -5/75      AC:  2    Str:  6    XL:     10   Next: 71%
Gold:   0          EV: 15    Int: 21    God:    Ru [......] SH:  0 Dex: 14

rFire    + + .     SeeInvis .   (no weapon)
rCold    x . .     Faith    .   (no shield)
rNeg     . . .     Spirit   .   a - +0 robe
rPois    ∞         Reflect  .   (no helmet)
rElec    .         Harm     .   (no cloak)
rCorr    .         Rampage  .   (no gloves)
Will     +....                  (boots unavailable)
Stlth    ++........             (no amulet)
HPRegen  0.22/turn              (no ring)
MPRegen  0.00/turn              (no ring)

@: marked, flying
A: sickness immunity, fire resistance 2, cold vulnerability 1, float, innate
caster, hp casting, extra vitality 1
a: Renounce Religion


You were on level 8 of the Dungeon.
You worshipped Ru.
Ru was noncommittal.
You visited 2 branches of the dungeon, and saw 9 of its levels.

Inventory:

Armour
 a - a +0 robe (worn)


   Skills:
 + Level 7.5 Fighting
 + Level 7.9 Dodging
 - Level 1.5 Stealth
 + Level 9.1 Spellcasting


You had 3 spell levels left.
You knew the following spells:

 Your Spells              Type           Power      Damage    Failure   Level
a - Magic Dart            Conj           100%       1d8       1%          1
b - Searing Ray           Conj           96%        3d7       1%          2
c - Dazzling Flash        Conj/Hex       96%        N/A       1%          3
d - Fulminant Prism       Conj/Hex       24%        3d13      1%          4
e - Iskenderun's Mystic   Conj/Tloc      48%        2d11      1%          4
f - Summon Small Mammal   Summ           100%       N/A       1%          1
g - Blink                 Tloc           N/A        N/A       1%          2
h - Call Canine Familiar  Summ           48%        N/A       1%          3
i - Olgreb's Toxic Radia  Pois           48%        N/A       1%          4
Your spell library was empty.

Dungeon Overview and Level Annotations

Branches:
Dungeon (8/15)             Temple (1/1) D:4
   Lair: D:8-11

Altars:
Ashenzari
Dithmenos
Elyvilon
Fedhas
Gozag
Hepliaklqana
Kikubaaqudgha
Qazlal
Ru
Trog
Wu Jian
Zin
Beogh

Shops:
D:4 (   D:7 (

Annotations:
D:7 2 transporters


Innate Abilities, Weirdness & Mutations

You are immune to sickness and miasma.
You are immune to poison.
Your flesh is very heat resistant. (rF++)
You are vulnerable to cold. (rC-)
You float through the air rather than walking.
You learn spells naturally, not from books.
Your magical power is your life essence.
You have superior vitality. (+4 HP)


Message History

Unknown command.
The centaur warrior unwields a +0 shortbow.
The centaur warrior completely misses your wolf.
The centaur warrior barely misses your wolf.
Your fulminant prism crackles loudly.
Unknown command.
Your wolf bites Harold but does no damage.
Harold fires a harpoon shot at you.
The harpoon shot hits your fulminant prism!
The centaur warrior wields a +0 shortbow.
The centaur warrior shoots an arrow.
The arrow closely misses your wolf. The arrow hits you!!
* * * LOW HITPOINT WARNING * * *
Your wolf bites Harold but does no damage.
Your fulminant prism explodes!
The blast of energy engulfs Harold!!
You kill Harold!
Harold looks down at his mortal wounds and cries, "But... this was my last day before retirement..."
The blast of energy engulfs your wolf!!
You kill your wolf!
Your wolf's corpse disappears in a puff of smoke!
The blast of energy engulfs the centaur warrior!!
The centaur warrior is severely wounded.
Your Spellcasting skill increases to level 9!
Unknown command.
Unknown command.
Unknown command.
Unknown command.
Unknown command.
Casting: Fulminant Prism (dangerous; 1% risk of failure)
Confirm with . or Enter, or press ? or * to list all spells.
Okay, then.
Unknown command.
Unknown command.
The centaur warrior shoots an arrow.
The arrow misses you.
The centaur warrior shoots an arrow.
The arrow hits you!
* * * LOW HITPOINT WARNING * * *
Unknown command.
The centaur warrior shoots an arrow.
The arrow hits you!
You die...

.....#.#.####...# ########.
...#.#.....##.[.# #......#.
#......######...# #......#.
.........# #...#########......##
....$..#.# #...##.....##......##
.#######.####...##.....##...#####
......<................c..).?....
########.#########.....##...#####
#........@.........#######
#######............# #....
#............# #....
#.........!..# #....
.#######.(..........# #....
.....:........##....###....
..≈≈....###...........#...P
..≈≈≈...###..............P≈
..≈≈≈....................P≈


You could see a centaur warrior.

Vanquished Creatures
  Harold (D:8)
  6 yaks
  A wyvern (D:8)
  A steam dragon (D:7)
  2 water moccasins
  A sky beast (D:5)
  2 orc warriors (D:8)
  2 necrophages (D:6)
  2 black bears (D:4)
  An ogre (D:5)
  2 phantoms
  2 centaurs
  3 bullfrogs
  3 scorpions
  A wyvern skeleton (D:7)
  A water moccasin skeleton (D:6)
  5 wights (D:6)
  3 jellies
  An electric eel (D:8)
  3 hounds
  6 orc priests
  2 bullfrog skeletons
  A centaur skeleton (D:5)
  3 iguanas
  An orc wizard (D:5)
  A hound skeleton (D:4)
  3 gnolls (D:4)
  A howler monkey skeleton (D:6)
  An adder (D:6)
  An ufetubus (D:5)
  2 adder skeletons (D:4)
  A worm (D:4)
  4 dart slugs
  14 orcs
  3 ball pythons
  9 endoplasms
  5 giant cockroaches
  2 goblins
  4 hobgoblins
  21 jackals
  2 quokkas
  6 bats
  A frilled lizard (D:1)
  5 kobolds
  6 rats
148 creatures vanquished.

Vanquished Creatures (collateral kills)
  Psyche (D:8)
  A hound (D:6)
2 creatures vanquished.

Vanquished Creatures (others)
  67 fulminant prisms
67 creatures vanquished.

Grand Total: 217 creatures vanquished

Notes
Turn   | Place    | Note
-------+----------+-------------------------------------------
     0 | D:1      | finalDestination the Djinni Conjurer began the quest for
                  | the Orb.
     0 | D:1      | Reached XP level 1. HP: 15/15 MP: 0/0
   177 | D:1      | Reached XP level 2. HP: 15/21 MP: 0/0
   659 | D:1      | Reached XP level 3. HP: 16/25 MP: 0/0
   659 | D:1      | Learned a level 1 spell: Summon Small Mammal
  1671 | D:2      | Reached skill level 4 in Spellcasting
  1814 | D:2      | Found a faded altar of an unknown god.
  1937 | D:2      | Reached skill level 1 in Fighting
  2262 | D:2      | Reached XP level 4. HP: 15/32 MP: 0/0
  3331 | D:4      | Found a staircase to the Ecumenical Temple.
  3389 | Temple   | Entered the Ecumenical Temple
  3459 | Temple   | Became a worshipper of Ru the Awakened
  3668 | D:4      | Reached XP level 5. HP: 32/38 MP: 0/0
  3668 | D:4      | Learned a level 2 spell: Blink
  3715 | D:4      | You are sucked into a shaft and drop 1 floor!
  3715 | D:5      | Entered Level 5 of the Dungeon
  3898 | D:4      | Noticed a black bear
  4291 | D:4      | Noticed a phantom
  4387 | D:4      | Noticed a black bear
  4664 | D:5      | Noticed a yak
  4664 | D:5      | Noticed a yak
  4664 | D:5      | Noticed a yak
  4664 | D:5      | Noticed a yak
  4664 | D:5      | Noticed a yak
  4665 | D:5      | Noticed a yak
  4689 | D:4      | Killed a yak
  4690 | D:4      | Reached skill level 5 in Spellcasting
  4690 | D:4      | Reached XP level 6. HP: 25/43 MP: 0/0
  4877 | D:4      | Killed a black bear
  4878 | D:4      | Reached XP level 7. HP: 36/49 MP: 0/0
  4878 | D:4      | Learned a level 3 spell: Call Canine Familiar
  5074 | D:4      | Reached skill level 6 in Spellcasting
  5614 | D:4      | Found Ytaedoh's Weapon Boutique.
  5988 | D:4      | Reached XP level 8. HP: 47/55 MP: 0/0
  6426 | D:5      | Found an opulent altar of Gozag.
  6494 | D:5      | Killed a yak
  6494 | D:5      | Killed a yak
  6495 | D:5      | Reached skill level 7 in Spellcasting
  6824 | D:5      | Killed a yak
  6825 | D:5      | Reached skill level 5 in Dodging
  6825 | D:5      | Reached XP level 9. HP: 47/63 MP: 0/0
  6825 | D:5      | Learned a level 4 spell: Olgreb's Toxic Radiance
  7003 | D:5      | Reached skill level 5 in Fighting
  7003 | D:5      | Reached skill level 8 in Spellcasting
  8711 | D:7      | Reached XP level 10. HP: 68/72 MP: 0/0
  9083 | D:7      | Found a transporter.
  9090 | D:7      | Noticed a two-headed ogre
  9093 | D:7      | Found a transporter.
  9244 | D:7      | Found Moner's Weapon Shoppe.
  9408 | D:8      | Noticed Harold
  9633 | D:8      | Noticed Psyche
  9642 | D:8      | Killed Psyche
 10112 | D:8      | Noticed a centaur warrior
 10117 | D:8      | Killed Harold
 10118 | D:8      | Reached skill level 9 in Spellcasting
 10121 | D:8      | Shot with an arrow by a centaur warrior

Illustrated notes

Levels and vault maps discovered:
D:1:      psy_arrival_radial02, layout_basic
D:2:      layout_basic, hellmonk_ecumenical_altar_arch_garden
D:3:      layout_basic, grunt_ministairs_15
D:4:      layout_basic, minmay_temple_entry_grid, serial_shops,
          nicolae_lakefront_shop, st_stairs_9
D:5:      layout_cave_pools, mainiacjoe_overflow_brackets
D:6:      layout_basic
D:7:      gammafunk_beogh_shrine, layout_rooms, nicolae_take_the_stairs
D:8:      layout_basic, tso_oasis_becter, grunt_temple_overflow_open,
          corner_web_ring, chequers_serial_rivers_micro_d, minmay_radiant,
          uniq_gastronok, uniq_harold, uniq_psyche
Temple:   minmay_temple_curvy_loop

Skill      XL: |  1  2  3  4  5  6  7  8  9 10 |
---------------+-------------------------------+-----
Spellcasting   | 4 5 6 7 8 9 |  9.1
Fighting       | 1 2 4 6 7 |  7.5
Dodging        | 3 5 6 7 |  7.9
Stealth        | |  1.5

Action                   |  1- 3 |  4- 6 |  7- 9 | 10-12 || total
-------------------------+-------+-------+-------+-------++-------
 Cast: Magic Dart        |    45 |    33 |    21 |     3 ||   102
       Searing Ray       |    12 |    20 |    19 |     8 ||    59
       Fulminant Prism   |       |     7 |    38 |    22 ||    67
       Iskenderun's Myst |       |     4 |     9 |     3 ||    16
       Blink             |       |     1 |       |       ||     1
       Call Canine Famil |       |       |     4 |     2 ||     6
       Summon Small Mamm |       |       |     1 |       ||     1
Invok: Reject Sacrifices |       |       |     1 |       ||     1
Armor: Robe              |     3 |       |       |       ||     3
Dodge: Dodged            |     3 |     2 |    20 |     6 ||    31
